 Dungeon Crawl Stone Soup version 0.29.1-14-g9c671dbff4 (webtiles) character file.

Game seed: 14938215118657685282

1376 LSt the Cleaver (level 8, -5/63 HPs)
             Began as a Formicid Wanderer on Feb 16, 2023.
             Was a Follower of Okawaru.
             Slain by a water moccasin (7 damage)
             ... on level 6 of the Dungeon.
             The game lasted 00:29:17 (8092 turns).

LSt the Cleaver (Formicid Wanderer)                 Turns: 8092, Time: 00:29:18

Health: -5/63      AC:  6    Str: 17    XL:     8   Next: 98%
Magic:  12/12      EV:  9    Int: 19    God:    Okawaru [*.....]
Gold:   379        SH:  9    Dex: 14    Spells: 6/13 levels left

rFire   . . .      SeeInvis +   a - +1 war axe
rCold   . . .      Faith    .   n - +0 kite shield
rNeg    + . .      Spirit   .   t - +1 ring mail {rN+}
rPois   .          Reflect  .   (helmet unavailable)
rElec   .          Harm     .   (no cloak)
rCorr   .          Rampage  .   (no gloves)
Will    .....                   (no boots)
Stlth   +.........              (no amulet)
HPRegen 0.20/turn               o - ring of wizardry
MPRegen 0.13/turn               q - +6 ring of intelligence

@: lethally poisoned (-5 -> -20)
A: permanent stasis, dig shafts and tunnels, antennae 3, four strong arms
a: Dig, Shaft Self, Renounce Religion, Heroism


You were on level 6 of the Dungeon.
You worshipped Okawaru.
Okawaru was aware of your devotion.
You visited 2 branches of the dungeon, and saw 7 of its levels.
You also visited: Sewer.

You collected 424 gold pieces.
You spent 45 gold pieces at shops.

Inventory:

Hand Weapons
 a - a +1 war axe (weapon)
 j - a +3 quarterstaff
 m - a +0 short sword
 s - a +1 falchion of venom
 u - a +0 club of venom
 v - a +0 flail
 y - a +2 dagger of speed
 K - a +4 flail
 L - a +1 vampiric great sword
Missiles
 h - 12 poisoned darts (quivered)
 i - 40 stones
 l - 3 boomerangs
Armour
 d - a +0 leather armour
 n - a +0 kite shield (worn)
 t - a +1 ring mail of positive energy (worn)
 w - a +0 chain mail
Jewellery
 o - a ring of wizardry (left hand)
 q - a +6 ring of intelligence (right hand)
 D - a ring of fire
Wands
 p - a wand of polymorph (4)
 C - a wand of light (2)
Scrolls
 c - 2 scrolls of fear
 g - a scroll of magic mapping
 A - a scroll of noise
 E - a scroll of enchant armour {unknown}
 F - 2 scrolls of enchant weapon
 H - a scroll of immolation {unknown}
 J - 3 scrolls of poison {unknown}
Potions
 e - a potion of lignification
 f - 8 potions of heal wounds
 k - a potion of ambrosia {unknown}
 r - 2 potions of curing {unknown}
 x - 3 potions of cancellation
 z - 2 potions of might {unknown}
 B - a potion of resistance
 G - a potion of degeneration {unknown}
 I - a potion of flight {unknown}
Miscellaneous
 b - a piece from Xom's chessboard (15/15)


   Skills:
 + Level 5.6 Fighting
 + Level 8.0 Axes
 - Level 4.0 Shields
 - Level 3.2 Spellcasting
 - Level 4.0 Ice Magic
 + Level 1.4 Invocations
 - Level 3.2 Evocations


You had 6 spell levels left.
You knew the following spells:

 Your Spells              Type           Power      Damage    Failure   Level
a - Freeze                Ice            72%        1d9       5%          1
b - Ozocubu's Armour      Ice            18%        N/A       16%         3
c - Frozen Ramparts       Ice            36%        1d6       16%         3

Your spell library contained the following spells:

 Spells                   Type           Power      Damage    Failure   Level
 Ensorcelled Hibernation  Hex/Ice        20%        N/A       17%         2
 Apportation              Tloc           6%         N/A       26%         1
 Passwall                 Tmut/Erth      2%         N/A       36%         2
 Dazzling Flash           Conj/Hex       6%         N/A       58%         3
 Hailstorm                Conj/Ice       10%        3d5       71%         4
 Ice Form                 Ice/Tmut       10%        N/A       71%         4
 Iskenderun's Mystic Bla  Conj/Tloc      3%         2d3       92%         4
 Starburst                Conj/Fire      1%         6d3       100%        6
 Swiftness                Air            Unusable   N/A       N/A         3
 Summon Ice Beast         Ice/Summ       Unusable   N/A       N/A         4

Dungeon Overview and Level Annotations

Branches:
Dungeon (6/15)             Temple (1/1) D:5           Sewer (visited)

Altars:
Ashenzari
Cheibriados
Dithmenos
Elyvilon
Gozag
Hepliaklqana
Kikubaaqudgha
Nemelex Xobeh
Okawaru
Qazlal
Sif Muna
Uskayaw
Vehumet
Xom
Zin
The Shining One

Shops:
D:3 (

Annotations:
D:2 Sigmund
D:5 2 transporters


Innate Abilities, Weirdness & Mutations

You cannot be hasted, slowed, berserked, paralysed or teleported.
You can dig through walls and to a lower floor.
You have a pair of large antennae on your head. (SInv)
Your four strong arms can wield two-handed weapons with a shield.


Message History

The water moccasin barely misses you. The water moccasin bites you.
You are more poisoned.
The water moccasin poisons you!
You barely miss the water moccasin.
You feel very sick. The water moccasin bites you.
You hit the water moccasin.
The water moccasin is lightly wounded.
You feel very sick. The water moccasin closely misses you.
The water moccasin bites you!
You slash the water moccasin!
The water moccasin is moderately wounded.
You feel very sick. The water moccasin closely misses you.
You block the water moccasin's attack.
You slash the water moccasin!
The water moccasin is severely wounded.
You feel sick. The water moccasin bites you.
You are too injured to fight recklessly!
You hit the water moccasin.
The water moccasin is almost dead.
You feel sick. The water moccasin bites you. x2
You miss the water moccasin.
The water moccasin is almost dead.
You feel sick. The water moccasin bites you.
You are more poisoned.
The water moccasin poisons you! The water moccasin bites you.
* * * LOW HITPOINT WARNING * * *
You are more poisoned.
The water moccasin poisons you!
You barely miss the water moccasin.
The water moccasin is almost dead.
* * * LOW HITPOINT WARNING * * *
You feel extremely sick.
The water moccasin bites you but does no damage.
You miss the water moccasin.
The water moccasin is almost dead.
* * * LOW HITPOINT WARNING * * *
You feel very sick. The water moccasin barely misses you.
The water moccasin bites you!
You die...

#.....# #.# #. #.....#
##### #.# #. #.....#
#.... ###.####. #.....#
#.[.. .......'. #.....#
#.... ###.####. #.....#
#.... #<..)': #.....#
.##.... #[####. #.....#
.......###########.####.
##.....#####
#>@..............#.
...........#
#S###########.##.#.
...........# #.
######.##...
...........# ..
#......###..
...........# ...
#......###'#
...........#....
#.......#...
...........#....
#.......#...
######'#####....
#........... #.#
#.......##'#


You could see a water moccasin.

Vanquished Creatures
  A water moccasin (Sewer)
  A black bear (D:3)
  An ice beast (D:5)
  A sky beast (D:4)
  2 phantoms (D:5)
  A necrophage (D:6)
  2 scorpions
  5 wights (D:6)
  A howler monkey (D:6)
  3 hounds
  Ijyb (D:3)
  2 iguanas
  An orc wizard (D:3)
  4 gnolls (D:5)
  7 adders
  A white imp (D:6)
  A dart slug (D:2)
  7 orcs
  8 endoplasms
  2 giant cockroaches
  A goblin (D:3)
  6 hobgoblins
  2 jackals (D:3)
  8 kobolds
  2 quokkas
  10 ball pythons
  7 bats
  A frilled lizard (D:3)
89 creatures vanquished.

Vanquished Creatures (others)
  A hound (D:6)
  An orc (D:6)
2 creatures vanquished.

Grand Total: 91 creatures vanquished

Notes
Turn   | Place    | Note
-------+----------+-------------------------------------------
     0 | D:1      | LSt the Formicid Wanderer began the quest for the Orb.
     0 | D:1      | LSt set off with the following items: a +0 club, a piece
                  | from Xom's chessboard (15/15), a scroll of fear, a +0
                  | leather armour, a potion of lignification; and the
                  | following spell memorised: Freeze; and the following spells
                  | available to memorise: Ozocubu's Armour, Hailstorm.
     0 | D:1      | Reached XP level 1. HP: 13/13 MP: 4/4
   191 | D:1      | Reached skill level 1 in Fighting
   630 | D:1      | Found a faded altar of an unknown god.
   639 | D:1      | Got Plato's Compendium of Dislocation
   653 | D:1      | Reached XP level 2. HP: 22/22 MP: 3/6
  1146 | D:2      | Noticed Sigmund
  1987 | D:2      | Reached XP level 3. HP: 26/28 MP: 7/7
  2167 | D:2      | Reached skill level 1 in Shields
  2495 | D:3      | Reached XP level 4. HP: 30/35 MP: 3/8
  2573 | D:3      | Learned a level 3 spell: Ozocubu's Armour
  2704 | D:3      | Learned a level 3 spell: Frozen Ramparts
  2848 | D:3      | Noticed a black bear
  2855 | D:3      | Killed a black bear
  2856 | D:3      | Reached skill level 5 in Fighting
  2856 | D:3      | Reached XP level 5. HP: 35/44 MP: 2/9
  2921 | D:3      | Found Imiagedo's Weapon Shoppe.
  3049 | D:3      | Found a broken altar of Ashenzari.
  3051 | D:3      | Found a snail-covered altar of Cheibriados.
  3070 | D:3      | Bought a +0 war axe for 45 gold pieces
  3119 | D:3      | Reached skill level 1 in Axes
  3119 | D:3      | Reached XP level 6. HP: 51/51 MP: 7/10
  3273 | D:3      | Found a glowing silver altar of Zin.
  3644 | D:4      | Reached skill level 2 in Axes
  3793 | D:4      | Noticed Ijyb
  3823 | D:4      | Noticed a sky beast
  3848 | D:3      | Killed Ijyb
  3849 | D:3      | Reached skill level 3 in Axes
  3932 | D:4      | Killed a sky beast
  3933 | D:4      | Reached skill level 4 in Axes
  3933 | D:4      | Reached XP level 7. HP: 38/56 MP: 11/11
  4742 | D:5      | Entered Level 5 of the Dungeon
  4788 | D:5      | Found a glowing drain.
  4862 | D:5      | Reached skill level 5 in Axes
  4943 | Sewer    | Entered a sewer
  4980 | Sewer    | Noticed a water moccasin
  4994 | Sewer    | Killed a water moccasin
  4995 | Sewer    | Reached skill level 6 in Axes
  4995 | Sewer    | Reached XP level 8. HP: 28/62 MP: 4/12
  5302 | D:5      | Found a staircase to the Ecumenical Temple.
  5311 | Temple   | Entered the Ecumenical Temple
  5364 | Temple   | Became a worshipper of Warmaster Okawaru
  5546 | D:5      | Found a transporter.
  6248 | D:5      | Found a transporter.
  6422 | D:6      | Reached skill level 7 in Axes
  7824 | D:6      | Reached skill level 8 in Axes
  7824 | D:6      | Reached skill level 1 in Invocations
  7906 | D:6      | Reached * piety under Okawaru
  8092 | D:6      | HP: 2/63 [poisoned by a water moccasin]
  8092 | D:6      | Slain by a water moccasin

Illustrated notes

Levels and vault maps discovered:
D:1:      ncdulo_watergridlock, layout_basic,
          shapermc_ecumenical_altar_rom_forum, serial_co_window_serial,
          co_window_paths_a, co_window_paths_a, co_window_of_opportunity_a,
          co_window_paths_a, co_window_paths_b, co_window_cross_3,
          co_window_paths_c, co_window_unsneaky_path_c,
          co_window_of_opportunity_b, co_window_corner_ca, co_window_cross_4,
          co_window_paths_c, co_window_4corner_a, glass_columns_a,
          glass_columns_a, glass_columns_b, kennysheep_another_room
D:2:      layout_basic, minmay_pentomino_u2, uniq_sigmund
D:3:      layout_loops_ring, zin_statuary, minitemple, serial_shops,
          nicolae_shop_waterfront
D:4:      layout_basic, uniq_ijyb
D:5:      gammafunk_cloud_chamber, layout_loops_corners,
          minmay_temple_entry_junction, cheibrodos_sewer_entry_drain,
          small_statue_intersection
D:6:      layout_basic, lemuel_flamethrower_2
Temple:   nicolae_temple_god_jail

Skill      XL: |  1  2  3  4  5  6  7  8 |
---------------+-------------------------+-----
Fighting       | 1 2 3 5 |  5.6
Shields        | 1 2 4 |  4.0
Axes           | 1 4 6 8 |  8.0
Invocations    | 1 |  1.4
Spellcasting   | |  3.2
Ice Magic      | |  4.0
Evocations     | |  3.2

Action                   |  1- 3 |  4- 6 |  7- 9 || total
-------------------------+-------+-------+-------++-------
Melee: Club              |    28 |    24 |       ||    52
       Punch             |     1 |       |       ||     1
       War axe           |       |    56 |   218 ||   274
Throw: Dart              |     7 |     8 |       ||    15
       Stone             |     1 |     2 |       ||     3
       Boomerang         |       |       |     2 ||     2
 Cast: Freeze            |    24 |       |       ||    24
       Ozocubu's Armour  |       |     2 |     3 ||     5
       Frozen Ramparts   |       |     2 |     1 ||     3
 Abil: Dig               |     1 |       |       ||     1
  Use: Scroll            |     2 |     5 |     3 ||    10
Armor: Leather armour    |     6 |    17 |       ||    23
       Skin              |       |    26 |       ||    26
       Ring mail         |       |     2 |    78 ||    80
Dodge: Dodged            |    20 |    26 |    72 ||   118
Block: Kite shield       |    10 |    32 |    96 ||   138
